 Dungeon Crawl Stone Soup version 0.17.1-3-g152610e (webtiles) character file.

5032 mopl the Spear-Bearer (level 10, 0/76 HPs)
             Began as a Merfolk Skald on Mar 8, 2016.
             Was a High Priest of Makhleb.
             Slain by a komodo dragon (28 damage)
             ... on level 10 of the Dungeon.
             The game lasted 00:18:47 (8493 turns).

mopl the Spear-Bearer (Merfolk Skald)               Turns: 8493, Time: 00:18:47

Health: 0/76       AC:  5    Str: 12    XL:     10   Next: 55%
Magic:  5/13       EV: 16    Int: 11    God:    Makhleb [*****.]
Gold:   773        SH:  0    Dex: 18    Spells: 4 memorised, 4 levels left

rFire  . . .     SeeInvis .     a - +0 trident
rCold  . . .     Clarity  .     J - +0 leather armour
rNeg   . . .     SustAt   .     (no shield)
rPois  +         Gourm    .     z - +0 helmet
rElec  .         Spirit   .     (no cloak)
rCorr  .         Warding  .     (no gloves)
rMut   .         Stasis   .     S - +0 pair of boots
MR     .....                    (no amulet)
Stlth  +.........               E - ring of poison resistance
                                k - +4 ring of slaying {=R}

@: shrouded, regenerating, not resistant to hostile enchantments, very
unstealthy
A: change form in water, swift swim
a: Minor Destruction, Lesser Servant of Makhleb, Major Destruction, Greater
Servant of Makhleb, Renounce Religion


You were on level 10 of the Dungeon.
You worshipped Makhleb.
Makhleb was extremely pleased with you.
You were not hungry.

You visited 2 branches of the dungeon, and saw 11 of its levels.

You collected 773 gold pieces.

Inventory:

Hand Weapons
 a - a +0 trident (weapon)
 b - a +0 blowgun
 y - a +0 rapier of venom
 N - a +0 halberd
Missiles
 g - 56 poisoned needles
 m - 14 tomahawks (quivered)
 F - 2 throwing nets
Armour
 h - a troll hide
 n - a +0 buckler
 z - a +0 helmet (worn)
 J - a +0 leather armour (worn)
 S - a +0 pair of boots (worn)
Jewellery
 j - an uncursed ring of flight
 k - a +4 ring of slaying (left hand) {=R}
 E - a ring of poison resistance (right hand)
 Q - an uncursed ring of ice
Wands
 x - a wand of teleportation (8)
Scrolls
 e - 2 scrolls of remove curse
 i - a scroll of enchant armour {unknown}
 l - 2 scrolls of amnesia {unknown}
 o - 3 scrolls of teleportation
 p - a scroll of recharging {unknown}
 r - a scroll of noise {unknown}
 w - 7 scrolls of identify
 D - 2 scrolls of fog {unknown}
 I - a scroll of immolation {unknown}
 O - a scroll of random uselessness {unknown}
 V - a scroll of magic mapping {unknown}
Potions
 u - 3 potions of heal wounds
 A - a potion of curing
 C - 3 potions of lignification {!q}
 H - a potion of might
 L - a potion of cancellation
 M - a potion of resistance
 R - a potion of magic
 Y - a potion of agility
Comestibles
 c - a slice of pizza
 d - 4 bread rations
 q - a meat ration


   Skills:
 + Level 5.9 Fighting
 - Level 14.0 Polearms
 - Level 0.6 Armour
 + Level 6.9 Dodging
 - Level 2.0 Spellcasting
 + Level 3.6 Hexes
 - Level 7.2 Charms
 + Level 2.9 Necromancy
 + Level 2.7 Translocations


You had 4 spell levels left.
You knew the following spells:

 Your Spells              Type           Power        Failure   Level  Hunger
a - Infusion              Chrm           ###...       1%          1    ##.....
b - Spectral Weapon       Hex/Chrm       ##......     14%         3    ####...
f - Shroud of Golubria    Chrm/Tloc      ##........   10%         2    ###....
r - Regeneration          Chrm/Necr      ##........   14%         3    ####...


Dungeon Overview and Level Annotations

Branches:
Dungeon (10/15)            Temple (0/1) D:7            Lair (1/8) D:8
    Orc: D:9-12

Altars:
Elyvilon
Fedhas
Gozag
Makhleb
Okawaru
Zin

Shops:
D:5 }

Annotations:
D:3 Grinder


Message History

The komodo dragon is lightly wounded.
You hit the komodo dragon.
The komodo dragon is lightly wounded.
The komodo dragon bites you but does no damage.
Casting: Spectral Weapon
Confirm with . or Enter, or press ? or * to list all spells.
You draw out your weapon's spirit!
The komodo dragon bites you!!
Casting: Spectral Weapon
Confirm with . or Enter, or press ? or * to list all spells.
Space distorts slightly along a thin shroud covering your body.
The komodo dragon misses you.
Casting: Shroud of Golubria
Confirm with . or Enter, or press ? or * to list all spells.
Your skin crawls.
The komodo dragon completely misses you.
You puncture the komodo dragon!
The komodo dragon is heavily wounded.
Your spectral weapon hits the komodo dragon from afar.
The komodo dragon bites you!!
You die...

########.#
#........>
..........
#.........
#.........
#.........
#l........
#.@(......
#.........
#.........
##########


You could see a komodo dragon.

Vanquished Creatures
  A troll (D:9)
  The ghost of Aarh the Magician, an amateur TeWz (D:5)
  3 wolves (Lair:1)
  2 hippogriffs
  2 ice beasts
  5 sky beasts
  A black bear (D:9)
  4 ogres
  An orc warrior (D:8)
  3 centaurs
  2 phantoms
  9 giant frogs
  Blork the orc (D:6)
  A wyvern zombie (D:8)
  3 killer bees (D:9)
  4 scorpions
  3 wights (D:7)
  7 crimson imps
  A quasit (D:9)
  5 hounds
  5 orc wizards
  A centaur zombie (D:6)
  4 iguanas
  3 worker ants
  A gnoll shaman (D:6)
  2 jellies
  2 giant frog skeletons
  2 orc priests
  A worker ant zombie (D:5)
  Robin (D:3)
  6 adders
  13 gnolls
  2 river rats (D:8)
  A shadow imp (D:6)
  An ooze (D:3)
  4 worms
  3 giant geckos
  18 orcs
  6 giant cockroaches
  17 goblins
  7 hobgoblins
  8 jackals
  8 kobolds
  10 quokkas
  3 ball pythons
  9 bats
  3 giant newts
  A jackal zombie (D:5)
  A quokka skeleton (D:7)
  A quokka zombie (D:7)
  9 rats
  2 fungi (D:8)
  A plant (D:8)
215 creatures vanquished.

Vanquished Creatures (others)
  A fungus (D:8)
  2 spectral weapons
3 creatures vanquished.

Grand Total: 218 creatures vanquished

Notes
Turn   | Place    | Note
--------------------------------------------------------------
     0 | D:1      | mopl the Merfolk Skald began the quest for the Orb.
     0 | D:1      | Reached XP level 1. HP: 16/16 MP: 3/3
   487 | D:1      | Reached skill level 4 in Polearms
   487 | D:1      | Reached XP level 2. HP: 22/22 MP: 5/5
   506 | D:1      | Learned a level 2 spell: Shroud of Golubria
   977 | D:2      | Reached XP level 3. HP: 15/27 MP: 6/6
  1033 | D:1      | Learned a level 3 spell: Regeneration
  1101 | D:2      | Found a faded altar to an unknown god.
  1163 | D:2      | Became a worshipper of Makhleb the Destroyer
  1163 | D:2      | Reached * piety under Makhleb
  1408 | D:2      | Reached skill level 5 in Polearms
  1465 | D:2      | Reached XP level 4. HP: 33/33 MP: 7/7
  1866 | D:3      | Reached skill level 4 in Charms
  1876 | D:3      | Noticed Robin
  1922 | D:3      | Noticed Grinder
  1926 | D:3      | Paralysed by Grinder for 7 turns
  1936 | D:3      | Paralysed by Grinder for 3 turns
  1966 | D:4      | Reached skill level 6 in Polearms
  1966 | D:4      | Reached XP level 5. HP: 5/38 MP: 5/8
  1976 | D:4      | HP: 1/38 [quokka (3)]
  2337 | D:3      | Reached ** piety under Makhleb
  2351 | D:3      | Killed Robin
  2441 | D:3      | Found an opulent altar of Gozag.
  2447 | D:3      | Reached skill level 7 in Polearms
  3032 | D:3      | Reached XP level 6. HP: 34/44 MP: 9/9
  3308 | D:4      | Reached skill level 5 in Charms
  3348 | D:4      | Reached skill level 8 in Polearms
  3428 | D:4      | Learned a level 3 spell: Spectral Weapon
  3540 | D:5      | Entered Level 5 of the Dungeon
  3610 | D:5      | Reached *** piety under Makhleb
  3610 | D:5      | Reached skill level 9 in Polearms
  3610 | D:5      | Reached XP level 7. HP: 21/50 MP: 4/10
  4083 | D:5      | Found Fuavosocont's Gadget Boutique.
  4110 | D:5      | Reached skill level 10 in Polearms
  4110 | D:5      | Reached skill level 6 in Charms
  4209 | D:5      | Noticed Aarh's ghost (amateur TeWz)
  4226 | D:5      | Killed Aarh's ghost
  4226 | D:5      | Reached XP level 8. HP: 31/56 MP: 11/11
  4238 | D:5      | Found an iron altar of Okawaru.
  4439 | D:5      | Reached skill level 11 in Polearms
  4498 | D:5      | Found a white marble altar of Elyvilon.
  5360 | D:6      | Reached **** piety under Makhleb
  5364 | D:6      | Reached skill level 7 in Charms
  5415 | D:6      | Reached skill level 12 in Polearms
  5523 | D:6      | Noticed Blork the orc
  5534 | D:6      | Killed Blork the orc
  5566 | D:6      | Reached skill level 2 in Dodging
  5584 | D:6      | Reached skill level 3 in Fighting
  5584 | D:6      | Reached XP level 9. HP: 56/63 MP: 7/12
  5834 | D:6      | Reached skill level 13 in Polearms
  5834 | D:6      | Reached skill level 3 in Dodging
  6077 | D:6      | Reached skill level 4 in Dodging
  6179 | D:7      | Reached skill level 4 in Fighting
  6284 | D:7      | Found a glowing silver altar of Zin.
  6284 | D:7      | Found a blossoming altar of Fedhas.
  6300 | D:7      | Reached skill level 14 in Polearms
  6602 | D:7      | Found a staircase to the Ecumenical Temple.
  6832 | D:8      | Reached skill level 5 in Dodging
  6832 | D:8      | Reached skill level 1 in Hexes
  6838 | D:8      | Reached ***** piety under Makhleb
  6863 | D:8      | Found a staircase to the Lair.
  6869 | D:8      | Reached skill level 1 in Necromancy
  6869 | D:8      | Reached skill level 1 in Translocations
  7032 | D:8      | Reached skill level 5 in Fighting
  7072 | D:8      | Reached XP level 10. HP: 71/74 MP: 13/13
  7245 | D:8      | Reached skill level 2 in Hexes
  7256 | D:8      | Reached skill level 2 in Necromancy
  7262 | D:8      | Reached skill level 6 in Dodging
  7593 | Lair:1   | Entered Level 1 of the Lair of Beasts
  7601 | Lair:1   | Reached skill level 2 in Translocations
  7842 | D:9      | Reached skill level 3 in Hexes
  8485 | D:10     | Entered Level 10 of the Dungeon
  8493 | D:10     | Slain by a komodo dragon

Action                   |  1- 3 |  4- 6 |  7- 9 | 10-12 || total
-------------------------+-------+-------+-------+-------++-------
Melee: Spear             |    90 |   174 |    43 |       ||   307
       Trident           |       |       |   451 |   131 ||   582
Throw: Tomahawk          |       |       |     1 |       ||     1
 Cast: Shroud of Golubri |       |     2 |     4 |     1 ||     7
       Spectral Weapon   |       |     1 |    12 |     6 ||    19
       Regeneration      |       |       |     2 |     1 ||     3
  Use: Scroll            |       |     6 |     3 |     1 ||    10
       Potion            |       |     2 |       |       ||     2
 Stab: Sleeping          |     2 |     1 |     2 |     1 ||     6
       Distracted        |       |       |     2 |     1 ||     3
  Eat: Chunk             |     2 |     7 |    14 |     6 ||    29
